Cogmind - Beta 13 @@@ ROGUE MODE // 2024.05.23 @ 18:52:45 Player: BatSpy Result: Destroyed by G-47 Trooper with Particle Gun Performance ------------- Evolutions (2) 1000 Regions Visited (3) 600 Robots Destroyed (29) 145 Value Destroyed (815) 815 Prototype IDs (2) 40 Alien Tech Used (0) 0 Bonus (0) 0 TOTAL SCORE: 2600 Bonus ------- None Cogmind --------- Core Integrity 0/550 Matter 89/300 Energy 96/100 System Corruption 0% Temperature Cool (18) Movement Core (350) Ox6 Location -8/Materials Parts ------- > --- POWER (1) -------- (None) > --- PROPULSION (3) --- (None) > --- UTILITY (3) ------ Hardened Medium Armor Plating Medium Insulated Plating > --- WEAPON (4) ------- Chainsword Chainsword > --- INVENTORY (5) ---- Structural Scanner ECM Suite Long-range Tractor Beam Field Recycling Unit (98) Peak State ------------ > --- POWER ------------ Cooled Ion Engine > --- PROPULSION ------- Armored Treads Armored Treads Armored Treads > --- UTILITY ---------- Structural Scanner Signal Interpreter Field Recycling Unit > --- WEAPON ----------- Improved Medium Laser Improved Grenade Launcher Improved Grenade Launcher Missile Launcher > --- INVENTORY -------- ECM Suite Improved Medium Laser High-powered Shotgun High-powered Shotgun Missile Launcher [Rating: 29] Favorites ----------- Power Cooled Ion Engine Engine Cooled Ion Engine Power Core Light Nuclear Core Propulsion Armored Treads Treads Armored Treads Leg Aluminum Leg Wheel Compact Wheel Hover Unit Airjet Flight Unit Cesium-ion Thruster Utility Structural Scanner Device Structural Scanner Processor Signal Interpreter Protection Improved Utility Shielding Weapon Improved Medium Laser Energy Gun Improved Medium Laser Ballistic Gun High-powered Shotgun Launcher Missile Launcher Slashing Weapon Chainsword Build | -11 -10 -9 -8 ------- Run | Yrd Mat Mat Mat Slots Evolved 4 | . . 2 2 Power . | . . . . Propulsion 1 | . . 1 . Utility 1 | . . 1 . Weapon 2 | . . . 2 Parts Attached 75 | 5 12 45 13 Power 5 | 1 2 2 . Engine 4 | 1 2 1 . Core 1 | . . 1 . Reactor . | . . . . Propulsion 27 | 2 4 20 1 Treads 6 | . . 5 1 Leg 1 | . 1 . . Wheel 2 | 2 . . . Hover 9 | . . 9 . Flight 9 | . 3 6 . Utility 13 | . 2 8 3 Device 8 | . 2 6 . Storage . | . . . . Processor 2 | . . 2 . Hackware . | . . . . Protection 3 | . . . 3 Artifact . | . . . . Weapon 30 | 2 4 15 9 Energy Gun 5 | 1 . 3 1 Energy Cannon . | . . . . Ballistic Gun 14 | 1 3 8 2 Ballistic Cannon . | . . . . Launcher 9 | . 1 4 4 Special Weapon . | . . . . Impact Weapon . | . . . . Slashing Weapon 2 | . . . 2 Piercing Weapon . | . . . . Special Melee Weapon . | . . . . Unidentified Prototypes 2 | . . 2 . Parts Lost 20 | . 2 5 13 Power 1 | . . . 1 Propulsion 9 | . 1 4 4 Utility 2 | . . 1 1 Weapon 8 | . 1 . 7 Highest Loss Streak 7 | . 1 2 7 To Critical Strikes . | . . . . Average Slot Usage (%) 89 | . 88 95 67 Engine 9 | . 14 9 3 Treads 13 | . . 17 16 Wheel 2 | . 12 . . Hover 5 | . . 8 . Flight 5 | . 10 5 . Device 19 | . 22 19 13 Processor 7 | . . 11 9 Energy Gun 8 | . 6 9 6 Ballistic Gun 9 | . 18 7 4 Launcher 4 | . 1 5 9 Naked Turns . | . . . . Heaviest Build 35 | 9 10 26 35 Greatest Support 60 | 26 26 60 60 Greatest Overweight (x) 6 | . . 1 6 Average Overweight (x) . | . . . . Largest Inventory Capacity 5 | 5 5 5 5 Average Capacity 5 | 5 5 5 5 Most Carried 5 | 5 5 5 5 Average Carried 4 | 2 3 4 3 Final Capacity 5 | 5 5 5 5 Final Carried 5 | 1 5 5 4 Class Distribution -------------------- 78% | Mutant 10% | Skirmisher 5% | Sprinter 5% | Scout Dominant Class ---------------- Mutant | -10/Materials Mutant | -9/Materials Mutant | -8/Materials Resources | -11 -10 -9 -8 ----------- Run | Yrd Mat Mat Mat Matter Collected 1046 | 178 134 602 132 Remotely . | . . . . Salvage Created 831 | . 200 519 112 Parts 57 | . 15 35 7 Haulers Intercepted . | . . . . Recyclers Shooed . | . . . . Parts Field Recycled 41 | . . 34 7 Retrieved Matter 288 | . . 260 28 Parts Self-Destructed . | . . . . Prevented . | . . . . Kills | -11 -10 -9 -8 ------- Run | Yrd Mat Mat Mat Combat Hostiles Destroyed 23 | . 9 12 2 Melee 2 | . . . 2 Guns 19 | . 8 11 . AOE 1 | . 1 . . Classes Destroyed 7 | . 4 2 1 Builder 1 | . 1 . . Operator 1 | . 1 . . Watcher 4 | . . 3 1 Swarmer 8 | . 6 2 . Grunt 7 | . 3 3 1 Sentry 7 | . . 7 . Specialist 1 | . . . 1 Best Kill Streak 4 | . 3 4 2 Combat Bots Only 3 | . 3 3 2 Max Kills in Single Turn 2 | . 2 1 1 Gunslinging . | . . . . Exploded 1 | . 1 . . Melee 1 | . . . 1 Uniques/NPCs Destroyed . | . . . . Combat | -11 -10 -9 -8 -------- Run | Yrd Mat Mat Mat Hostile Shots Fired 325 | . 57 120 148 Missed 95 | . 13 42 40 Damage Taken 3847 | . 386 942 2519 Core 796 | . 96 144 556 Absorbed by Shields . | . . . . Redirected to Shielding 11 | . . . 11 Regen/Repaired (Parts) 77 | . 59 18 . Core Remaining (%) 75 | 100 61 64 . Volleys Fired 107 | . 41 50 16 Largest 4 | . 2 2 4 Hottest 184 | . 80 112 184 Shots Fired 198 | . 72 82 44 Gun 174 | . 70 80 24 Cannon . | . . . . Launcher 24 | . 2 2 20 Special . | . . . . Kinetic 95 | . 49 34 12 Thermal 79 | . 21 46 12 Explosive 24 | . 2 2 20 Electromagnetic . | . . . . Robot Hit Streak 11 | . 11 11 8 Robot Miss Streak 6 | . 3 6 2 Penetration Max . | . . . . Secondary Targets 2 | . . 2 . Max Gunslinging Chain 1 | . . 1 . Shots Hit Robots 132 | . 38 57 37 Core Hits 55 | . 16 24 15 Critical Kills . | . . . . Critical Parts Destroyed . | . . . . Critical Strikes 6 | . 1 5 . Burn 6 | . 1 5 . Melee Attacks 3 | . . . 3 Impact . | . . . . Slashing 3 | . . . 3 Piercing . | . . . . Sneak Attacks . | . . . . Combat Hostiles . | . . . . Follow-up Attacks . | . . . . Damage Inflicted 2478 | . 556 991 931 Guns 1782 | . 430 951 401 Cannons . | . . . . Explosions 625 | . 126 40 459 Melee 71 | . . . 71 Ramming . | . . . . Kinetic 1043 | . 329 466 248 Thermal 739 | . 101 485 153 Explosive 625 | . 126 40 459 Electromagnetic . | . . . . Impact . | . . . . Slashing 71 | . . . 71 Piercing . | . . . . Highest Corruption . | . . . . Average Corruption . | . . . . Corruption Purged . | . . . . Corruption Blocked . | . . . . Overload Shots . | . . . . Overflow Damage 27 | . . . 27 Projectiles . | . . . . Explosions 27 | . . . 27 Melee . | . . . . Knockbacks . | . . . . Impact . | . . . . Kinetic . | . . . . Secondary . | . . . . Self-Inflicted Damage 51 | . . . 51 Shots 1 | . . . 1 Rammed . | . . . . Targets Rammed . | . . . . Kicked . | . . . . Crushed . | . . . . Highest Temperature 381 | . 102 381 300 Average Temperature 74 | . 22 88 134 Received Heat Transfer 906 | . 60 261 585 Effects 3 | . . 3 . Energy Bleed 1 | . . 1 . Interference 2 | . . 2 . Siege Activations . | . . . . Robots Corrupted . | . . . . Combat Hostiles . | . . . . Parts Fried . | . . . . Impact Corruptions . | . . . . Robots Melted 1 | . . 1 . Combat Hostiles 1 | . . 1 . Parts Melted 5 | . . 5 . Heat Transferred 2146 | . 370 1443 333 Parts Sabotaged . | . . . . Parts Stolen . | . . . . Parts Stripped . | . . . . Power Chain Reactions . | . . . . Alert | -11 -10 -9 -8 ------- Run | Yrd Mat Mat Mat Peak Influence 307 | . 307 299 103 Initial 70 | . . 70 37 Average 145 | . 144 175 47 Maximum Alert Level 1 | . 1 1 . Low Security (%) 70 | 100 69 62 100 Level 1 29 | . 30 37 . Level 2 . | . . . . Level 3 . | . . . . Level 4 . | . . . . Level 5 . | . . . . High Security . | . . . . Max Security . | . . . . Squads Dispatched 6 | . 3 . 3 Investigation . | . . . . Extermination . | . . . . Reinforcement 6 | . 3 . 3 Assault . | . . . . Garrison . | . . . . Intercept . | . . . . Searches Triggered . | . . . . Construction Impeded . | . . . . Haulers Reinforced . | . . . . Active Scanning Responses . | . . . . Cargo Convoy Interrupts . | . . . . Stealth | -11 -10 -9 -8 --------- Run | Yrd Mat Mat Mat Distress Signals 8 | . 2 5 1 Communications Jammed . | . . . . Distress Signals . | . . . . Times Spotted 56 | . 18 21 17 Peak Tracking Total 9 | . 4 4 9 Tactical Retreats 4 | . 1 2 1 Traps | -11 -10 -9 -8 ------- Run | Yrd Mat Mat Mat Traps Triggered . | . . . . Indirectly . | . . . . Trap Hack Attempts . | . . . . Triggered . | . . . . Disarmed . | . . . . Reprogrammed 1 | . 1 . . Reused . | . . . . Traps Extracted . | . . . . Installed . | . . . . Triggered . | . . . . Machines | -11 -10 -9 -8 ---------- Run | Yrd Mat Mat Mat Machines Disabled . | . . . . Max in Single Turn . | . . . . Machines Repaired . | . . . . Machines Dismantled . | . . . . Machines Sabotaged . | . . . . Overloaded Fab Kills . | . . . . Hacking | -11 -10 -9 -8 --------- Run | Yrd Mat Mat Mat Machines Accessed 10 | . 4 5 1 Terminals 7 | . 3 3 1 Fabricators . | . . . . Repair Stations 2 | . 1 1 . Recycling Units . | . . . . Scanalyzers 1 | . . 1 . Garrison Access . | . . . . Total Hacks 26 | . 12 13 1 Successful 15 | . 6 8 1 Failed 11 | . 6 5 . Catastrophic 2 | . 2 . . Database Lockouts . | . . . . Manual . | . . . . Terminals 18 | . 10 7 1 Fabricators . | . . . . Repair Stations 5 | . 2 3 . Recycling Units . | . . . . Scanalyzers 3 | . . 3 . Garrison Access . | . . . . Terminal Hacks 8 | . 4 3 1 Record 1 | . . . 1 Level Access Points 1 | . . 1 . Emergency Access Points 1 | . . 1 . Alert Level 1 | . . 1 . Locate Traps 2 | . 2 . . Reprogram Traps 1 | . 1 . . Zone Layout 1 | . 1 . . Fabricator Hacks . | . . . . Repair Station Hacks 4 | . 2 2 . Scan Component 2 | . 1 1 . Repair 2 | . 1 1 . Recycling Unit Hacks . | . . . . Scanalyzer 3 | . . 3 . Insert Component 1 | . . 1 . Analyze 2 | . . 2 . Garrison Access Hacks . | . . . . Unauthorized Hacks . | . . . . Terminals . | . . . . Fabricators . | . . . . Repair Stations . | . . . . Recycling Units . | . . . . Scanalyzers . | . . . . Garrison Access . | . . . . Data Cores Recovered . | . . . . Used . | . . . . Hacking Detections 8 | . 3 5 . Full Trace Events 1 | . 1 . . Feedback Events . | . . . . Feedback Blocked . | . . . . Robot Schematics Acquired . | . . . . Robots Built . | . . . . Authchips . | . . . . Time . | . . . . Total Robot Build Rating . | . . . . Part Schematics Acquired 1 | . . 1 . Parts Built . | . . . . Authchips . | . . . . Time . | . . . . Total Part Build Rating . | . . . . Parts Repaired 2 | . 1 1 . Time 52 | . 26 26 . Parts Recycled . | . . . . Recycled Matter . | . . . . Retrieved Matter . | . . . . Retrieved Components . | . . . . Parts Scanalyzed 1 | . . 1 . Part Schematics Acquired 1 | . . 1 . Parts Damaged 1 | . . 1 . Bothacking | -11 -10 -9 -8 ------------ Run | Yrd Mat Mat Mat Used RIF Installer . | . . . . Robots Hacked . | . . . . Non-combat . | . . . . Combat . | . . . . Robot Hacks Applied . | . . . . Relay Couplers Released . | . . . . Fabnet Peak Effective % . | . . . . Robots Rewired . | . . . . Allies Hacked . | . . . . Hacks Repelled . | . . . . Allies | -11 -10 -9 -8 -------- Run | Yrd Mat Mat Mat Total Allies . | . . . . Largest Group . | . . . . Highest-Rated Group . | . . . . Highest-Rated Ally . | . . . . Total Orders . | . . . . Ally Attacks . | . . . . Total Damage . | . . . . Kills . | . . . . Allies Corrupted . | . . . . Allies Melted . | . . . . Intel | -11 -10 -9 -8 ------- Run | Yrd Mat Mat Mat Robot Analysis Total . | . . . . Derelict Logs Recovered . | . . . . Drone Launches . | . . . . Drone Recoveries . | . . . . Exploration | -11 -10 -9 -8 ------------- Run | Yrd Mat Mat Mat Turns Passed 2056 | 33 496 1209 318 Spaces Moved 1606 | 30 436 967 173 Core 87 | 11 . . 76 Treads 443 | . . 346 97 Legs 1 | . 1 . . Wheels 225 | 19 206 . . Hover 344 | . . 344 . Flight 506 | . 229 277 . Fastest Speed 29 | 50 37 29 50 Average Speed 89 | 75 64 93 133 Slowest Speed 350 | 90 120 170 350 Overloaded Moves . | . . . . Propulsion Burnouts . | . . . . Robots Hopped 1 | . 1 . . Cave-ins Triggered . | . . . . Exploration Rate (%) 33 | 3 68 42 19 Regions Visited 3 Branch Regions . Pre-discovered Areas . | . . . . Known Exits Taken 1 | . . 1 . Unknown Exits Taken 2 | 1 1 . . Scrap Searched . | . . . . Spaces Dug . | . . . . Terrain Destroyed 83 | . 14 14 55 Melee . | . . . . Projectile . | . . . . AOE 83 | . 14 14 55 Terrain Rammed . | . . . . Walls Destroyed . | . . . . Machines Disabled . | . . . . Actions | -11 -10 -9 -8 --------- Run | Yrd Mat Mat Mat Total 2026 | 40 579 1188 219 Wait 138 | . 76 59 3 Move 1601 | 29 433 966 173 Hop 1 | . 1 . . Pick Up 59 | 6 11 34 8 Fast Attach 13 | . 2 8 3 Attach 25 | 5 4 8 8 Detach . | . . . . Swap 37 | . 6 29 2 Drop 42 | . 5 34 3 Fire 107 | . 41 50 16 Melee 3 | . . . 3 Ram . | . . . . Kick . | . . . . Crush . | . . . . Escape Stasis . | . . . . Rewire . | . . . . Trap . | . . . . Miscellaneous . | . . . . Route ------- -11/Scrapyard -10/Materials (discovered 2 exits: *Mat / [*Min]) -9/Materials (discovered 4 exits: *Mat x3 / *Min) -8/Materials (discovered 1 exit: [*Sto]) History --------- Turn | Location | Event 9 | -11/Scrapyard | Discovered new exit (range 16) 34 | -11/Scrapyard | Entered Materials 314 | -10/Materials | Build established: Mutant 357 | -10/Materials | Discovered new exit (range 9) 392 | -10/Materials | Repaired Assault Rifle 513 | -10/Materials | Discovered new exit (range 16) 530 | -10/Materials | Entered another Materials area 530 | -9/Materials | Evolved 2 slots: Propulsion x1, Utility x1 648 | -9/Materials | Discovered new exit (range 11) 953 | -9/Materials | Repaired Sensor Array 1502 | -9/Materials | Discovered new exit (range 13) 1522 | -9/Materials | Identified exit to Mines 1648 | -9/Materials | Identified exit to Materials 1739 | -9/Materials | Entered another Materials area 1739 | -8/Materials | Evolved 2 slots: Weapon x2 1739 | -8/Materials | Discovered new exit (range 8) 1901 | -8/Materials | Lost 4 parts (1p3w) 1991 | -8/Materials | Lost 7 parts (3n4w) 2006 | -8/Materials | Core integrity fell below 50% 2041 | -8/Materials | Core integrity fell below 20% 2057 | -8/Materials | Destroyed by G-47 Trooper with Particle Gun Last Messages --------------- 02034_ Acquired Chainsword. 02037_ Critical hit (Burn: +37). 02038_ U-05 Engineer lays Concrete. 02039_ Dropped Imp. Utility Shielding. 02040_ Acquired Med. Insulated Plating. 02040_ U-05 Engineer lays Concrete. 02046_ Penetrated by Slug. 02046_ K-01 Serf collects debris. 02047_ U-05 Engineer lays Concrete. 02048_ U-05 Engineer builds a Wall. 02049_ Slug penetrates Wall. 02049_ G-47 Trooper destroyed. 02050_ K-01 Serf collects debris. 02052_ U-05 Engineer builds a Wall. 02052_ Penetrated by Slug. 02053_ K-01 Serf collects debris. 02054_ Signal Interpreter destroyed. 02054_ X-62 Marksman destroyed. 02056_ K-01 Serf collects debris. 02056_ M-13 Machinist repairs Lgt. Nuclear Core. Map ----- +----------------------------------------------------+ | ?????????????????????????????????????????????????? | | ?????????????????????????????????????????????????? | | ?????????????????????????????????????????????????? | | ?????????????????????????????????????????????????? | | ?????????????????????????????????????????????????? | | ###########??????????????????????????????????????? | | ###########??????????????????????????????????????? | | # ! ##??????????????????????????????????????? | | # """ #######?????????????????????????????????? | | # """ #######?????????????????????????????????? | | / """ # ! ##?????????????????????????????????? | | # / ##?????????????????????????????????? | | # """ # ##?????????????????????????????????? | | # """ # ##???????????" ???????"??????????? | | # """ ## ###?????### ### ? """????????? | | # ## ###?????#######+###### ????????? | | #+######### ##?????### # #### ????????? | | # ####### # ########## # ????????? | | # ###T##### ######### ### ???????? | | + ## ????????? | | # ## ######## ### ###+######????????? | | ## ### ## T ######## ### ## [ ##????????? | | ##+### ## ##????## #### ## ##????????? | | ## ### ###????#######Ym ## ![ ##????????? | | " # ## ###????###/ ![gg ## % ##????????? | | " # ## ##??????##!k@%= ## ???#########?? | | " # T ## ##??????## u l ## #########?? | | # ## ##??????##!! g ########### ##?? | | " ## ### ##??????##!! ##?? | | " ## ### ##??????##!! % % < ##?? | | " ## ### ##??????###### % ##?? | | ## ### ############## #######+### ##?? | | ##/### ### ##############% ## ## ##### | | # #### # ## """ ## ##### | | # " # ## """ ## # | | + ##+########### # ## """ ## / | | # # ####### " ## ## # | | # # ##???## """ """ # ## "" ## # | | #### """ ##???## """ """ # "### "T ## # | | #### """ ##???## """ """ # "### "" ###### | | ??## """ ##???## # #### ########## | | ??## ##???############ ##############?? #### | | ??##########???############ #### #???????? | | ??##########????????????? + ????????????????????? | | ????????????????????????? ###????????????????????? | | ????????????????????????? ###????????????????????? | | ?????????????????????????????????????????????????? | | ?????????????????????????????????????????????????? | | | | | +----------------------------------------------------+ Best States ------------- Heat Dissipation 31 Energy Generation 14 Energy Capacity 280 Matter Stores 300 Matter Capacity 300 Sight Range 16 Robot Scan Range 14 Terrain Scan Density 10 Armor Coverage 450 Resistance: EM 20 Utility Shielding 66 Evasion (%) 64 Targeting Accuracy 5 Recoil Reduction 3 Item Schematics ----------------- Arm. Treads | -9/Materials | Scanalyzed Robot Schematics ------------------ None Fabricated ------------ Nothing Alien Tech Used ----------------- None Achievements -------------- None Challenges ------------ None Game ------ Seed TerrabombGravmagChainsword Manual? 0 Play Time 00:38:37 Cumulative 19.2 hours Start 2024.05.23 @ 17:01:48 End 2024.05.23 @ 18:52:45 Sessions 3 Manual Loads 0 Difficulty Rogue Special Mode None Game No. 37 Rogue 37 Adventurer 0 Explorer 0 Win Type - Total 0 Types 0/0/0/0/0/0/0/0/0 Lore% 23 Gallery% 29 Achievement% 24 Wizard Run 0 Options --------- Layout 1 ASCII 0 Keyboard 0 Movement Mouse Keybinds 0 Fullscreen 2 Font 32/Smallcaps Map View 50x35 Zoom Use 0% Tactical HUD 1 Map Filters NONE Filters NONE Steam 1 RUN: 34d1f04c-faf1-42d1-8061-471d026a1acb